 Dungeon Crawl Stone Soup version 0.30-a0-364-gf6b3ef1049 (webtiles) character file.

Game seed: 8087927028970629444

680 Bnni the Shield-Bearer (level 7, -1/56 HPs)
             Began as a Formicid Fighter on Nov 16, 2022.
             Was an Initiate of Yredelemnul.
             Slain by an ogre
             ... wielding a +0 giant spiked club
              (32 damage)
             ... on level 5 of the Dungeon.
             The game lasted 00:06:58 (2757 turns).

Bnni the Shield-Bearer (Formicid Fighter)           Turns: 2757, Time: 00:06:59

Health: -1/56      AC: 17    Str: 22    XL:     7   Next: 92%
Magic:  7/7        EV:  6    Int:  8    God:    Yredelemnul [......]
Gold:   83         SH: 10    Dex: 13    Spells: 6/6 levels left

rFire   + . .      SeeInvis +    a - +0 trident
rCold   . . .      Faith    .    t - +0 kite shield {AC+3}
rNeg    . . .      Spirit   .    k - +0 chain mail
rPois   .          Reflect  .    (helmet unavailable)
rElec   .          Harm     .    (no cloak)
rCorr   .          Rampage  .    q - +0 pair of gloves
Will    .....                    (no boots)
Stlth   ..........               (no amulet)
HPRegen 0.29/turn                g - +4 ring of protection
MPRegen 0.10/turn                d - ring of protection from fire

@: no status effects
A: permanent stasis, dig shafts and tunnels, antennae 3, four strong arms
a: Dig, Shaft Self, Renounce Religion, Recall Undead Harvest


You were on level 5 of the Dungeon.
You worshipped Yredelemnul.
Yredelemnul was noncommittal.
You visited 1 branch of the dungeon, and saw 5 of its levels.

You collected 244 gold pieces.
You spent 161 gold pieces at shops.

Inventory:

Hand Weapons
 a - a +0 trident (weapon)
 x - a +1 whip of venom
Missiles
 y - 13 poisoned darts
Armour
 k - a +0 chain mail (worn)
 q - a +0 pair of gloves (worn)
 t - a +0 kite shield of protection (worn)
Jewellery
 d - a ring of protection from fire (right hand)
 g - a +4 ring of protection (left hand)
 r - a ring of protection from fire
Wands
 u - a wand of charming (8)
 v - a wand of flame (19)
Scrolls
 b - a scroll of brand weapon {unknown}
 c - 3 scrolls of identify {unknown}
 e - a scroll of vulnerability {unknown}
 h - a scroll of immolation {unknown}
 l - a scroll of blinking {unknown}
 m - 3 scrolls of enchant weapon {unknown}
 o - a scroll of poison {unknown}
 w - a scroll of teleportation {unknown}
 z - 2 scrolls of magic mapping {unknown}
Potions
 f - a potion of ambrosia {unknown}
 i - a potion of invisibility {unknown}
 j - 2 potions of mutation {unknown}
 n - 2 potions of curing
 p - a potion of flight {unknown}
 s - a potion of brilliance {unknown}
 A - a potion of might


   Skills:
 + Level 5.5 Fighting
 * Level 6.0 Polearms
 - Level 3.2 Armour
 + Level 6.5 Shields


You had 6 spell levels left.
You didn't know any spells.
Your spell library contained the following spells:

 Spells                   Type           Power      Damage    Failure   Level
 Summon Small Mammal      Summ           0%         N/A       100%        1
 Call Canine Familiar     Summ           0%         N/A       100%        3
 Ozocubu's Armour         Ice            0%         N/A       100%        3
 Summon Guardian Golem    Hex/Summ       0%         N/A       100%        3
 Ozocubu's Refrigeration  Ice            0%         4d7       100%        7


Dungeon Overview and Level Annotations

Branches:
Dungeon (5/15)
 Temple: D:4-7

Altars:
Elyvilon
Makhleb
Nemelex Xobeh
Okawaru
Yredelemnul

Shops:
D:3 [


Innate Abilities, Weirdness & Mutations

You cannot be hasted, slowed, berserked, paralysed or teleported.
You can dig through walls and to a lower floor.
You have a pair of large antennae on your head. (SInv)
Your four strong arms can wield two-handed weapons with a shield.


Message History

You block the howler monkey's attack. The howler monkey barely misses you.
You puncture the howler monkey!
The howler monkey is severely wounded.
The howler monkey barely misses you.
You hit the howler monkey but do no damage.
The howler monkey is severely wounded.
You block the howler monkey's attack.
You closely miss the howler monkey.
The howler monkey is severely wounded.
You block the howler monkey's attack. The howler monkey closely misses you.
You closely miss the howler monkey.
The howler monkey is severely wounded.
The howler monkey hits you but does no damage.
You barely miss the howler monkey.
The howler monkey is severely wounded.
You block the howler monkey's attack.
An ogre comes into view. It is wielding a +0 giant spiked club.
You closely miss the howler monkey.
The howler monkey is severely wounded.
You block the howler monkey's attack. The howler monkey hits you.
You barely miss the howler monkey.
The howler monkey is severely wounded.
The howler monkey hits you but does no damage.
You hit the howler monkey but do no damage.
The howler monkey is severely wounded.
The howler monkey hoots and howls with incredible vigour!
You puncture the howler monkey!
You kill the howler monkey!
Your Polearms skill increases to level 6!
You hit the ogre but do no damage.
The ogre hits you with a +0 giant spiked club!!
You puncture the ogre!
The ogre is heavily wounded.
You block the ogre's attack.
You hit the ogre.
The ogre is heavily wounded.
The ogre hits you with a +0 giant spiked club!!
Ouch! That really hurt!
You die...
Your body rises from the dead as a mindless zombie.

###. ... ... ..# #.#
#.# ### #O# #.. #@#
#.# #.####.# #...##.#
# ###.##.#
###.###.##.###########
......................
###.....#.############
#######.# #.#


You could see an ogre.

Vanquished Creatures
  A necrophage (D:3)
  5 scorpions
  A howler monkey (D:5)
  A hound (D:4)
  Terence (D:3)
  An iguana (D:4)
  A scorpion zombie (D:4)
  An orc wizard (D:3)
  A hound zombie (D:4)
  3 gnolls (D:3)
  4 adders (D:2)
  An ufetubus (D:5)
  2 worms
  A dart slug (D:2)
  2 orcs (D:3)
  8 endoplasms
  5 giant cockroaches
  6 goblins
  4 hobgoblins
  2 quokkas
  6 ball pythons
  10 bats
  A frilled lizard (D:2)
  7 kobolds
  4 rats
79 creatures vanquished.

Notes
Turn   | Place    | Note
-------+----------+-------------------------------------------
     0 | D:1      | Bnni the Formicid Fighter began the quest for the Orb.
     0 | D:1      | Reached XP level 1. HP: 18/18 MP: 1/1
   135 | D:1      | Reached XP level 2. HP: 24/24 MP: 2/2
   344 | D:1      | Reached XP level 3. HP: 29/29 MP: 3/3
   715 | D:2      | Found a sparkling altar of Nemelex Xobeh.
   728 | D:2      | Reached XP level 4. HP: 31/37 MP: 4/4
   857 | D:2      | Found a faded altar of an unknown god.
  1339 | D:3      | Noticed Terence
  1346 | D:3      | Killed Terence
  1347 | D:3      | Reached XP level 5. HP: 29/42 MP: 5/5
  1461 | D:3      | Reached skill level 5 in Shields
  1574 | D:3      | Found Faurov's Armour Emporium.
  1584 | D:3      | Bought a +0 kite shield of protection for 161 gold pieces
  1655 | D:3      | Reached XP level 6. HP: 14/49 MP: 6/6
  1801 | D:3      | Found an iron altar of Okawaru.
  2093 | D:4      | Found a white marble altar of Elyvilon.
  2259 | D:4      | Reached skill level 5 in Polearms
  2302 | D:4      | Reached XP level 7. HP: 55/55 MP: 7/7
  2312 | D:4      | Reached skill level 5 in Fighting
  2462 | D:4      | Found a burning altar of Makhleb.
  2469 | D:4      | Identified the +2 whip of Ignis's Castigation {speed, rPois
                  | Stlth+}
  2627 | D:4      | Found a basalt altar of Yredelemnul.
  2635 | D:4      | Became a worshipper of Yredelemnul the Dark
  2677 | D:5      | Entered Level 5 of the Dungeon
  2757 | D:5      | Slain by an ogre

Illustrated notes

Levels and vault maps discovered:
D:1:      wheals_arrival_linesprint, layout_basic
D:2:      layout_basic, basic_ecumenical_altar, basic_altar
D:3:      layout_rooms, okawaru_metal_pillars_3, serial_shops,
          nicolae_shop_window_shopping, uniq_terence
D:4:      layout_rooms, elyvilon_altar_1, bloody_makhleb,
          lemuel_zombie_altar_yredelemnul, hex_large
D:5:      layout_basic, serial_shops, kennysheep_mini_moat, hex_tiny,
          cheibrodos_gnoll_hut

Skill      XL: |  1  2  3  4  5  6  7 |
---------------+----------------------+-----
Polearms       | 3 4 5 6 |  6.0
Fighting       | 4 5 |  5.5
Shields        | 5 6 |  6.5
Armour         | |  3.2

Action                   |  1- 3 |  4- 6 |  7- 9 || total
-------------------------+-------+-------+-------++-------
Melee: Trident           |    87 |   157 |    77 ||   321
Armor: Scale mail        |    39 |       |       ||    39
       Chain mail        |    14 |    66 |    32 ||   112
Dodge: Dodged            |    48 |    38 |     8 ||    94
Block: Buckler           |    20 |    12 |       ||    32
       Kite shield       |       |    46 |    42 ||    88

Table legend: (Time is in decaauts)
 A = Elapsed time spent in this place.
 B = Non-inter-level travel time spent in this place.
 C = Inter-level travel time spent in this place.
 D = Time resting spent in this place.
 E = Time spent auto-exploring this place.
 F = Levels seen in this place.
 G = Mean time per level.
                   A        B        C        D        E       F      G
               +--------+--------+--------+--------+--------+-----+--------+
         Total |   2810 |   2728 |     82 |    184 |   1803 |   5 |  562.0 |
       Dungeon |   2810 |   2728 |     82 |    184 |   1803 |   5 |  562.0 |
               +--------+--------+--------+--------+--------+-----+--------+

Top non-repeatable levels by time:
     D:1: 706 daAuts
     D:4: 704 daAuts
     D:3: 659 daAuts
     D:2: 656 daAuts
     D:5: 83 daAuts
